 Dungeon Crawl Stone Soup version 0.31-a0-1620-gcbf77bbcfc (webtiles) character file.

Game seed: 8451599420661437740

905 ragingrage the Skirmisher (level 8, 0/68 HPs)
             Began as a Hill Orc Hunter on Jan 11, 2024.
             Was a Believer of Fedhas.
             Succumbed to a water moccasin's poison
             ... on level 5 of the Dungeon.
             The game lasted 00:05:54 (4887 turns).

ragingrage the Skirmisher (Hill Orc Hunter)         Turns: 4887, Time: 00:05:55

Health: 0/68       AC:  9    Str: 13    XL:     8   Next: 8%
Magic:  8/8        EV: 11    Int: 13    God:    Fedhas [**....]
Gold:   594        SH:  0    Dex: 15    Spells: 7/7 levels left

rFire   . . .        a - +1 shortbow
rCold   . . .        (shield currently unavailable)
rNeg    . . .        c - +0 leather armour
rPois   .            (helmet restricted)
rElec   .            g - +0 cloak
rCorr   .            l - +0 pair of gloves
SInv    .            k - +1 pair of boots
Will    .....        (no amulet)
Stlth   ++           (no ring)
HPRegen 0.31/turn    (no ring)
MPRegen 0.11/turn

%: no passive effects
@: lethally poisoned (0 -> -2)
A: beak, iridescent scales 1, clever 1
a: Renounce Religion, Wall of Briars


You were on level 5 of the Dungeon.
You worshipped Fedhas.
Fedhas was pleased with you.
You visited 1 branch of the dungeon, and saw 5 of its levels.
You also visited: Ossuary.

You collected 594 gold pieces.

Inventory:

Hand Weapons
 a - a +1 shortbow (weapon)
 b - a +4 hand axe
Armour
 c - a +0 leather armour (worn)
 g - a +0 cloak (worn)
 k - a +1 pair of boots (worn)
 l - a +0 pair of gloves (worn)
Scrolls
 d - a scroll of immolation
 e - a scroll of amnesia
 f - 2 scrolls of butterflies
 h - a scroll of fear {unknown}
 i - a scroll of teleportation
 j - a scroll of enchant armour {unknown}
 n - a scroll of enchant weapon
 o - a scroll of vulnerability {unknown}
 t - a scroll of blinking
Potions
 q - 2 potions of might
 r - 4 potions of enlightenment
 s - a potion of ambrosia


   Skills:
 - Level 5.0 Fighting
 * Level 8.1 Ranged Weapons
 - Level 1.5 Dodging
 - Level 2.0 Stealth


You had 7 spell levels left.
You didn't know any spells.
Your spell library contained the following spells:

 Spells                   Type           Power      Damage    Failure   Level
 Magic Dart               Conj           0%         1d3       36%         1
 Blink                    Tloc           0%         N/A       52%         2
 Call Imp                 Summ           0%         N/A       52%         2
 Static Discharge         Conj/Air       0%         3-3/arc   52%         2
 Airstrike                Air            0%         2d(0-16)  98%         4
 Summon Lightning Spire   Summ/Air       0%         N/A       98%         4


Dungeon Overview and Level Annotations

Branches:
Dungeon (5/15)            Ossuary (visited)
 Temple: D:4-7

Altars:
Elyvilon
Fedhas
Gozag
Hepliaklqana
Ru

Annotations:
D:4 3 runed translucent doors, Newt's ghost, amateur KoHu


Innate Abilities, Weirdness & Mutations

You have a beak for a mouth.
You are partially covered in iridescent scales. (AC +2)
Your mind is acute. (Int +4, Str/Dex -1)


Message History

The arrow closely misses the water moccasin.
You feel very sick. The water moccasin bites you.
You are more poisoned.
The water moccasin poisons you!
The water moccasin bites you but does no damage.
You shoot an arrow. The arrow hits the water moccasin!
You feel very sick. The water moccasin barely misses you.
You shoot an arrow.
The arrow barely misses the water moccasin.
You feel very sick.
The water moccasin barely misses you. x2
You shoot an arrow. The arrow misses the water moccasin.
You feel very sick. The water moccasin closely misses you.
You shoot an arrow. The arrow misses the water moccasin.
You feel sick.
The water moccasin bites you but does no damage. x2
You shoot an arrow.
The arrow barely misses the water moccasin.
You feel sick. The water moccasin bites you.
* * * LOW HITPOINT WARNING * * *
You shoot an arrow.
The arrow closely misses the water moccasin.
You feel sick.
The water moccasin bites you but does no damage.
You shoot an arrow. The arrow hits the water moccasin.
* * * LOW HITPOINT WARNING * * *
You feel sick. The water moccasin closely misses you.
The water moccasin bites you.
* * * LOW HITPOINT WARNING * * *
You shoot an arrow. The arrow hits the water moccasin!
You kill the water moccasin!
Fedhas appreciates your contribution to the ecosystem.
* * * LOW HITPOINT WARNING * * *
You feel sick.
Your Ranged Weapons skill increases to level 8!
You have reached level 8!
You die...
Fedhas appreciates your contribution to the ecosystem.

.#).......................P
.........##...............§
.........#...#......>..§.._
.... .....#..##...P.§..§
.... ..!.....#....#.§§§ .#
.###....#.........# .
......#.......##..
......##.#.#..#
.......@.#.#....#
...........##....
#.................
#..###....##.....# ..
#...## .. . ..... . ...##.
... .. ##


There were no monsters in sight!

Vanquished Creatures
  A water moccasin (D:5)
  A black bear (D:5)
  An ogre (D:4)
  2 killer bees (D:4)
  A jelly (D:3)
  A bombardier beetle (D:4)
  Jessica (D:3)
  4 iguanas
  8 mummies (Ossuary)
  4 adders
  4 gnolls (D:3)
  2 ribbon worms (D:3)
  4 dart slugs
  9 orcs
  7 endoplasms
  6 giant cockroaches
  2 gnoll zombies (Ossuary)
  20 hobgoblins
  6 jackals
  2 quokkas (D:1)
  6 ball pythons
  7 bats
  4 frilled lizards
  4 goblins
  2 hobgoblin zombies (Ossuary)
  4 kobolds
  4 orc zombies (Ossuary)
  6 rats
123 creatures vanquished.

Vanquished Creatures (collateral kills)
  A killer bee (D:5)
1 creature vanquished.

Vanquished Creatures (others)
  A jelly (D:4)
  A sleepcap (D:4)
  A giant cockroach (D:4)
  A quokka (D:4)
4 creatures vanquished.

Grand Total: 128 creatures vanquished

Notes
Turn   | Place    | Note
-------+----------+-------------------------------------------
     0 | D:1      | ragingrage the Hill Orc Hunter began the quest for the Orb.
     0 | D:1      | Reached XP level 1. HP: 18/18 MP: 1/1
   137 | D:1      | Reached skill level 1 in Stealth
   194 | D:1      | Reached XP level 2. HP: 13/25 MP: 2/2
   361 | D:1      | Reached skill level 4 in Ranged Weapons
   668 | D:1      | Reached XP level 3. HP: 30/30 MP: 3/3
  1215 | D:2      | You fall into a shaft and drop 2 floors!
  1252 | D:4      | Noticed an ogre
  1331 | D:3      | Found a white marble altar of Elyvilon.
  1352 | D:3      | Reached XP level 4. HP: 38/38 MP: 4/4
  1376 | D:3      | Became a worshipper of Elyvilon the Healer
  1742 | D:3      | Reached XP level 5. HP: 25/46 MP: 5/5
  1833 | D:3      | Found a sacrificial altar of Ru.
  1834 | D:3      | Noticed Jessica
  1843 | D:3      | Killed Jessica
  1881 | D:3      | Found a blossoming altar of Fedhas.
  1991 | D:3      | Reached skill level 5 in Ranged Weapons
  2101 | D:3      | Fell from the grace of Elyvilon
  2101 | D:3      | Became a worshipper of Fedhas Madash
  2656 | D:4      | Found a runed translucent gate.
  2656 | D:4      | Found a runed translucent gate.
  2659 | D:4      | Found a runed translucent gate.
  2698 | D:4      | Reached XP level 6. HP: 27/53 MP: 6/6
  2889 | D:4      | Found an opulent altar of Gozag.
  2909 | D:4      | Noticed Newt's ghost (amateur KoHu)
  3206 | D:4      | Reached skill level 5 in Fighting
  3206 | D:4      | Reached skill level 6 in Ranged Weapons
  3285 | D:4      | Reached * piety under Fedhas
  3651 | D:5      | Entered Level 5 of the Dungeon
  3663 | D:4      | Gained mutation: Your mind is acute. (Int +4, Str/Dex -1)
                  | [potion of mutation]
  3663 | D:4      | Gained mutation: You have a beak for a mouth. [potion of
                  | mutation]
  3663 | D:4      | Gained mutation: You are partially covered in iridescent
                  | scales. (AC +2) [potion of mutation]
  3666 | D:4      | Reached XP level 7. HP: 31/61 MP: 7/7
  3953 | D:5      | Found a sand-covered staircase.
  3962 | Ossuary  | Entered an ossuary
  4028 | Ossuary  | Reached skill level 7 in Ranged Weapons
  4316 | D:5      | Reached ** piety under Fedhas
  4387 | D:5      | HP: 3/61 [poisoned by a killer bee]
  4391 | D:5      | HP: 1/91 [poisoned by a killer bee]
  4866 | D:5      | Found a hazy altar of Hepliaklqana.
  4885 | D:5      | HP: 2/61 [water moccasin (3)]
  4887 | D:5      | Reached skill level 8 in Ranged Weapons
  4887 | D:5      | Reached XP level 8. HP: 1/68 MP: 8/8
  4887 | D:5      | Succumbed to a water moccasin's poison

Illustrated notes

Levels and vault maps discovered:
D:1:      ebering_trefoil_twist, layout_basic
D:2:      wad_pebble_path, layout_loops_ring, minmay_hedge_maze
D:3:      layout_loops_ring, amcnicky_altar_gilded,
          mainiacjoe_overflow_cross_hatched, mainiacjoe_overflow_catwalk,
          corexii_leaking_fountain, st_stairs_3, minivault_27,
          dreamdust_mushroom_princess, chequers_serial_rivers_micro_d,
          uniq_jessica
D:4:      cheibrodos_greedy_goblins, layout_loops_corners,
          nicolae_gozag_cash_rules_everything_around_me, gammafunk_ghost_icy
D:5:      corexii_shack_village, layout_cave_pools,
          nicolae_hepliaklqana_hazy_memory, nicolae_qazlal_general_emergency,
          mainiacjoe_ossuary_entry_dusty_tomb, hangedman_decor_peaks_small

Skill      XL: |  1  2  3  4  5  6  7 |
---------------+----------------------+-----
Stealth        | 1 2 |  2.0
Ranged Weapons | 4 5 6 8 |  8.1
Fighting       | 3 4 5 |  5.0
Dodging        | |  1.5

Action                     |  1- 3 |  4- 6 |  7- 9 || total
---------------------------+-------+-------+-------++-------
  Melee: Hand axe          |       |       |    11 ||    11
         Peck              |       |       |     3 ||     3
         Shortbow          |       |       |     2 ||     2
   Fire: Shortbow          |    90 |   242 |   146 ||   478
 Invoke: Wall of Briars    |       |       |     1 ||     1
    Use: Scroll            |     4 |       |     4 ||     8
         Potion            |       |     3 |     9 ||    12
 Armour: Leather armour    |    24 |    76 |    80 ||   180
  Dodge: Dodged            |    24 |    60 |    65 ||   149

Table legend: (Time is in decaauts)
 A = Elapsed time spent in this place.
 B = Non-inter-level travel time spent in this place.
 C = Inter-level travel time spent in this place.
 D = Time resting spent in this place.
 E = Time spent auto-exploring this place.
 F = Levels seen in this place.
 G = Mean time per level.
                   A        B        C        D        E       F      G
               +--------+--------+--------+--------+--------+-----+--------+
         Total |   4967 |   4740 |    227 |    854 |   2790 |   6 |  827.8 |
       Dungeon |   4689 |   4462 |    227 |    854 |   2684 |   5 |  937.8 |
       Ossuary |    278 |    278 |      0 |      0 |    106 |   1 |  278.0 |
               +--------+--------+--------+--------+--------+-----+--------+

Top non-repeatable levels by time:
     D:4: 1537 daAuts
     D:3: 1117 daAuts
     D:1: 723 daAuts
     D:2: 690 daAuts
     D:5: 619 daAuts
 Ossuary: 278 daAuts
